 Dungeon Crawl Stone Soup version 0.25.1-2-g60ff931df9 (webtiles) character file.

Game seed: 6527201628048990989

72921 gruber the Gelid (level 15, 0/110 HPs)
             Began as a Merfolk Ice Elementalist on Oct 4, 2020.
             Was a High Priest of Vehumet.
             Killed by vampiric draining
             ... invoked by a vampire knight
              (24 damage)
             ... on level 15 of the Dungeon on Oct 6, 2020.
             The game lasted 00:54:30 (33629 turns).

gruber the Gelid (Merfolk Ice Elementalist)        Turns: 33629, Time: 00:54:30

Health: 0/110      AC: 12    Str:  9    XL:     15   Next: 41%
Magic:  19/30      EV: 17    Int: 20    God:    Vehumet [*****.]
Gold:   1779       SH:  0    Dex: 15    Spells: 18/36 levels left

rFire    + . .     SeeInvis .   C - +2 halberd (protect)
rCold    + + +     Gourm    .   (shield currently unavailable)
rNeg     . . .     Faith    +   S - +4 ring mail of Trumpets {rF+ rC+ Regen+}
rPois    .         Spirit   .   (no helmet)
rElec    .         Reflect  .   W - scarf {rC+ rF+}
rCorr    .         Harm     .   R - +0 pair of gloves
MR       +....                  B - +0 pair of boots
Stlth    +.........             P - amulet of faith
HPRegen  0.68/turn              m - ring of ice
MPRegen  0.22/turn              d - ring of wizardry

@: frozen ramparts
A: change form in water, swift swim, stealthy swim
a: Renounce Religion


You were on level 15 of the Dungeon.
You worshipped Vehumet.
Vehumet was extremely pleased with you.
You were hungry.

You visited 4 branches of the dungeon, and saw 23 of its levels.

You collected 2055 gold pieces.
You spent 276 gold pieces at shops.

Inventory:

Hand Weapons
 C - a +2 halberd of protection (weapon)
Missiles
 M - 5 silver javelins (quivered)
Armour
 B - a +0 pair of boots (worn)
 R - a +0 pair of gloves (worn)
 S - the +4 ring mail of Trumpets (worn) {rF+ rC+ Regen+}
   (You bought it in a shop on level 2 of the Orcish Mines)

   It protects you from fire.
   It protects you from cold.
   It increases your rate of regeneration.
 W - a scarf of resistance (worn)
Jewellery
 d - a ring of wizardry (right hand)
 m - a ring of ice (left hand)
 z - an uncursed ring of resist corrosion
 A - an uncursed ring of protection from cold
 P - an amulet of faith (around neck)
Wands
 i - a wand of flame (84)
 q - a wand of polymorph (10)
 v - a wand of paralysis (18)
 w - a wand of iceblast (15)
 K - a wand of enslavement (16)
 T - a wand of digging (23)
Scrolls
 b - 12 scrolls of remove curse
 g - 7 scrolls of teleportation
 p - 4 scrolls of fog
 r - 3 scrolls of fear {unknown}
 x - 8 scrolls of magic mapping {unknown}
 E - 7 scrolls of amnesia {unknown}
 F - 4 scrolls of immolation {unknown}
 I - a scroll of holy word {unknown}
 J - 2 scrolls of noise {unknown}
 L - a scroll of silence {unknown}
 O - 2 scrolls of enchant weapon {unknown}
 Q - 2 scrolls of random uselessness {unknown}
 U - a scroll of summoning {unknown}
 V - a scroll of enchant armour {unknown}
 Y - a scroll of brand weapon
Potions
 a - 2 potions of berserk rage
 f - a potion of haste
 h - 12 potions of curing
 j - 2 potions of heal wounds
 k - 3 potions of magic
 l - 2 potions of cancellation
 n - 4 potions of lignification
 o - 2 potions of flight
 s - 2 potions of invisibility
 t - a potion of ambrosia
 u - 5 potions of stabbing
 G - 7 potions of mutation
 N - a potion of resistance
 X - 4 potions of might
Comestibles
 c - 19 rations


   Skills:
 - Level 8.0 Fighting
 - Level 13.0 Polearms
 - Level 6.2 Armour
 * Level 11.8 Dodging
 - Level 2.1 Stealth
 - Level 11.0 Spellcasting
 - Level 7.2 Conjurations
 - Level 4.1 Summonings
 - Level 16.0 Ice Magic


You had 18 spell levels left.
You knew the following spells:

 Your Spells              Type           Power        Failure   Level  Hunger
a - Freeze                Ice            ####         0%          1    None
b - Frozen Ramparts       Ice            ######       1%          3    None
c - Summon Ice Beast      Ice/Summ       ######..     1%          4    ##.....
d - Searing Ray           Conj           #####.       1%          2    None
e - Blink                 Tloc           N/A          9%          2    None
f - Freezing Cloud        Conj/Ice/Air   ######....   11%         6    ######.

Your spell library contained the following spells:

 Spells                   Type           Power        Failure   Level  Hunger
 Conjure Ball Lightning   Conj/Air       ####......   43%         6    ######.
 Magic Dart               Conj           ####         1%          1    None
 Sandblast                Erth           ##....       1%          1    None
 Call Imp                 Summ           ####....     1%          2    None
 Conjure Flame            Conj/Fire      ####....     1%          3    None
 Ozocubu's Armour         Chrm/Ice       ######..     1%          3    None
 Stone Arrow              Conj/Erth      ####..       1%          3    None
 Hailstorm                Conj/Ice       ######..     1%          4    ##.....
 Mephitic Cloud           Conj/Pois/Air  ###.....     2%          3    None
 Metabolic Englaciation   Hex/Ice        ######....   6%          5    ####...
 Passwall                 Tmut/Erth      ##......     9%          2    None
 Poisonous Vapours        Pois/Air       ##....       9%          2    None
 Slow                     Hex            ##......     9%          2    None
 Confusing Touch          Hex            ##......     17%         3    None
 Gell's Gravitas          Tloc           ##........   17%         3    None
 Lee's Rapid Deconstruct  Erth           ##........   36%         5    ####...
 Yara's Violent Unravell  Hex/Tmut       ##........   36%         5    ####...
 Petrify                  Tmut/Erth      ##......     50%         4    ##.....
 Ring of Flames           Chrm/Fire      ##........   100%        7    #######


Dungeon Overview and Level Annotations

Branches:
Dungeon (15/15)            Temple (1/1) D:4            Lair (5/6) D:10
  Swamp (0/4) Lair:4       Spider (0/4) Lair:4        Slime (0/5) Lair:5
    Orc (2/2) D:9             Elf (0/3) Orc:2        Vaults (0/5) D:13
 Depths (0/5) D:15

Altars:
Ashenzari
Cheibriados
Dithmenos
Elyvilon
Fedhas
Gozag
Hepliaklqana
Kikubaaqudgha
Makhleb
Nemelex Xobeh
Okawaru
Qazlal
Ru
Sif Muna
Trog
Uskayaw
Vehumet
Wu Jian
Xom
Yredelemnul
Zin
The Shining One
Jiyva

Shops:
D:4 ?   Orc:2 [*(:

Annotations:
D:8 2 transporters
D:9 1 runed translucent door, nebnoj's ghost, novice MiFi
D:12 2 transporters, Mocet's ghost, journeyman GnVM


Message History

The searing ray hits the fire giant.
The fire giant is almost dead.
The searing ray hits something but does no damage. (Press . to maintain the ray.)
The wall freezes the fire giant!
The fire giant hits you with a +0 great sword of flaming!!
* * * LOW HITPOINT WARNING * * *
The fire giant burns you.
* * * LOW HITPOINT WARNING * * *
The wall freezes something.
Unknown command.
The searing ray hits the fire giant.
You kill the fire giant!
Vehumet accepts your kill.
The searing ray hits something!
The wall freezes something.
Unknown command.
Unknown command.
The searing ray hits something but does no damage.
The wall freezes something.
Unholy energy fills the air.
You die...

### # # ### #####.. .
.§a ##...#.#####.####
#§# .....#.##.#.#.#.##
#.# ##...#.#.#.#.#[#.#
#.# ##....#.#.#.#.#.##☼#
#.##.##.#.#.#.##†#
#.....#.#)#.#.#{#.uuCV.#
#.##.#.#.#.#.#@#.##u|)##
#.#..#.#.#.#.#.##.# .##
.....##.#.#.#.## #.# # .
.....##.#.#.#.# #.#
#.#..#.#####.#### #.#
#.#..#.#.. .#... # ...
#....#.#.# ...# .# .. #
#..#.#.##...##.# #
#....#...# ...# ..


There were no monsters in sight!

Vanquished Creatures
  Jorgrun (D:14)
  2 fire giants (D:15)
  An orc warlord (Orc:2)
  Fannar (Orc:1)
  2 vault guards (D:13)
  2 hydras
  A tengu warrior (D:13)
  A two-headed ogre (D:13)
  4 orc high priests (Orc:2)
  Nergalle (D:10)
  An unseen horror (D:12)
  2 wizards (D:13)
  A nameless horror (D:3)
  5 orc knights
  13 ugly things
  2 cyclopes
  3 orc sorcerers (Orc:2)
  10 slime creatures
  2 black mambas
  6 elephants
  3 gargoyles
  6 spiny frogs
  4 centaur skeletons
  A rime drake (Lair:5)
  8 komodo dragons
  Maggie (D:9)
  3 kobold demonologists
  A queen bee (D:8)
  5 trolls
  A hornet (Lair:4)
  A bog body (Lair:4)
  14 dream sheep
  6 hippogriffs
  3 blink frogs (Lair:4)
  A shadow (D:12)
  A wraith (D:14)
  A spriggan (Lair:2)
  2 wyverns
  A basilisk (D:15)
  22 yaks
  Eustachio (D:6)
  A vampire mosquito (D:13)
  10 humans (D:13)
  2 wargs (Orc:2)
  A swamp worm (Lair:4)
  2 acid dragons
  4 water moccasins
  2 ice beasts
  23 orc warriors
  12 porcupines
  2 sky beasts
  2 phantoms
  11 ogres
  3 wolves (Lair:4)
  3 centaurs
  6 crocodiles
  A big kobold (D:7)
  15 bullfrogs
  2 water moccasin zombies (D:9)
  6 scorpions
  A water moccasin skeleton (D:5)
  27 killer bees
  9 wights
  6 howler monkeys
  4 electric eels
  4 jellies
  3 centaur zombies
  7 crimson imps
  A quasit (D:12)
  7 hounds
  10 orc priests
  8 worker ants
  Natasha (thrice) (D:2)
  3 bullfrog skeletons
  4 iguanas
  15 orc wizards
  A hound zombie (D:8)
  A hound skeleton (D:5)
  2 worker ant zombies (D:7)
  10 adders
  11 river rats (D:5)
  3 shadow imps
  An ooze (D:2)
  An adder skeleton (D:9)
  An adder zombie (D:9)
  A dart slug (D:1)
  3 worms
  4 leopard geckos
  72 orcs
  2 ball pythons
  4 bats
  7 giant cockroaches
  8 goblins
  8 hobgoblins
  7 jackals
  9 kobolds
  17 quokkas
  11 frilled lizards
  A jackal skeleton (D:8)
  2 quokka skeletons
  20 rats
  7 fungi (Orc:2)
  A plant (Lair:2)
582 creatures vanquished.

Vanquished Creatures (collateral kills)
  A hydra (Lair:3)
  Harold (D:8)
  A catoblepas (D:13)
  2 two-headed ogres (D:13)
  A tengu warrior (D:13)
  Urug (D:10)
  A wizard (D:13)
  A skeletal warrior (D:14)
  An orc knight (Orc:2)
  An orc sorcerer (Orc:2)
  A black mamba (Lair:5)
  4 ugly things
  A cyclops (D:11)
  Maurice (D:11)
  An elephant (shapeshifter) (D:15)
  Joseph (D:9)
  An elephant (Lair:5)
  3 spiny frogs
  2 rime drakes
  An efreet (D:13)
  4 trolls
  A bog body (Lair:4)
  5 blink frogs (Lair:4)
  2 slime creatures
  A shadow (D:14)
  9 humans (D:13)
  2 wraiths
  9 yaks
  2 basilisks (D:10)
  A hungry ghost (D:12)
  3 vampire mosquitoes
  2 swamp worms (Lair:4)
  2 water moccasins (Lair:2)
  2 porcupines
  A black bear (D:6)
  3 orc warriors
  An ogre (D:7)
  An ice beast (D:9)
  A necrophage (D:12)
  2 wolves (Lair:4)
  A centaur (D:10)
  2 crocodiles
  Blork the orc (D:6)
  4 bullfrogs
  A gnoll sergeant (D:6)
  A wyvern skeleton (D:13)
  2 electric eels
  8 wights
  3 howler monkeys
  2 crimson imps
  2 bullfrog zombies
  A centaur zombie (D:12)
  A hound (D:13)
  A jelly (D:9)
  An orc priest (Orc:2)
  2 orc wizards
  An iron imp (D:6)
  2 worker ant zombies
  A shadow imp (D:13)
  A leopard gecko (D:6)
  4 orcs
  A quokka (D:10)
124 creatures vanquished.

Vanquished Creatures (others)
  6 fungi
  4 plants
10 creatures vanquished.

Grand Total: 716 creatures vanquished

Notes
Turn   | Place    | Note
-------+----------+-------------------------------------------
     0 | D:1      | gruber the Merfolk Ice Elementalist began the quest for the
                  | Orb.
     0 | D:1      | Reached XP level 1. HP: 13/13 MP: 3/3
   467 | D:1      | Reached XP level 2. HP: 19/19 MP: 5/5
   645 | D:1      | Reached skill level 5 in Ice Magic
  1054 | D:1      | Reached XP level 3. HP: 24/24 MP: 4/6
  1191 | D:1      | Learned a level 3 spell: Frozen Ramparts
  1652 | D:2      | Noticed Natasha
  1656 | D:2      | Killed Natasha
  1656 | D:2      | Reached skill level 6 in Ice Magic
  1656 | D:2      | Reached XP level 4. HP: 14/30 MP: 1/7
  1715 | D:2      | Noticed Natasha
  1962 | D:2      | Killed Natasha
  2504 | D:2      | Noticed Natasha
  2684 | D:2      | Reached XP level 5. HP: 35/35 MP: 5/8
  3020 | D:2      | Killed Natasha
  3020 | D:2      | Reached skill level 7 in Ice Magic
  3818 | D:3      | Found a hazy altar of Hepliaklqana.
  3927 | D:4      | Noticed a phantom
  3980 | D:4      | Learned a level 4 spell: Summon Ice Beast
  4002 | D:4      | Noticed a nameless horror
  4028 | D:3      | Killed a nameless horror
  4387 | D:4      | Reached XP level 6. HP: 41/41 MP: 5/9
  4453 | D:4      | Found a staircase to the Ecumenical Temple.
  4464 | D:4      | Reached skill level 8 in Ice Magic
  4495 | Temple   | Entered the Ecumenical Temple
  4636 | Temple   | Became a worshipper of Vehumet
  4676 | D:4      | Found Raussy's Magic Scroll Shop.
  4740 | D:4      | Bought a scroll of teleportation for 36 gold pieces
  4740 | D:4      | Bought a scroll of identify for 24 gold pieces
  4853 | D:4      | Reached skill level 1 in Summonings
  5343 | D:4      | Reached XP level 7. HP: 46/46 MP: 3/10
  5460 | D:4      | You fall into a shaft and drop 1 floor!
  5460 | D:5      | Entered Level 5 of the Dungeon
  5460 | D:5      | Found a burning altar of Makhleb.
  6361 | D:5      | Found a white marble altar of Elyvilon.
  6569 | D:5      | Reached * piety under Vehumet
  6569 | D:5      | Offered knowledge of Foxfire by Vehumet.
  6655 | D:5      | Reached XP level 8. HP: 38/52 MP: 14/14
  7347 | D:6      | Noticed Eustachio
  7347 | D:6      | Noticed Blork the orc
  7360 | D:6      | Found a snail-covered altar of Cheibriados.
  7541 | D:6      | Reached skill level 5 in Spellcasting
  7616 | D:6      | Killed Eustachio
  7713 | D:6      | Killed Blork the orc
  7713 | D:6      | Offered knowledge of Searing Ray by Vehumet.
  7972 | D:6      | Reached ** piety under Vehumet
  8312 | D:6      | Reached skill level 5 in Dodging
  8785 | D:6      | Learned a level 2 spell: Searing Ray
  8788 | D:6      | Learned a level 2 spell: Blink
  8818 | D:7      | Found a shimmering blue altar of Sif Muna.
  8823 | D:7      | Reached XP level 9. HP: 55/57 MP: 14/18
  9178 | D:7      | Reached skill level 1 in Polearms
  9186 | D:7      | Offered knowledge of Ignite Poison by Vehumet.
  9344 | D:7      | Reached *** piety under Vehumet
  9353 | D:7      | Reached skill level 5 in Polearms
  9455 | D:7      | Found a hide-covered altar of Uskayaw.
  9467 | D:7      | Found a shimmering altar of Xom.
  9467 | D:7      | Found a stormy altar of Qazlal.
  9722 | D:7      | Found an ornate altar of the Wu Jian Council.
  9886 | D:7      | Offered knowledge of Dazzling Flash by Vehumet.
  9977 | D:7      | Found a shattered altar of Ashenzari.
  9978 | D:7      | Found an opulent altar of Gozag.
 10094 | D:8      | Reached XP level 10. HP: 29/63 MP: 19/19
 10177 | D:8      | Reached **** piety under Vehumet
 10177 | D:8      | Reached skill level 10 in Polearms
 10478 | D:8      | Found a transporter.
 10730 | D:8      | Noticed Harold
 10853 | D:8      | Killed Harold
 11010 | D:8      | Found an ancient bone altar of Kikubaaqudgha.
 11184 | D:8      | Found a transporter.
 11484 | D:9      | Found a runed translucent door.
 11484 | D:9      | Noticed nebnoj's ghost (novice MiFi)
 11484 | D:9      | Noticed Maggie
 11489 | D:9      | Identified the +8 spear "Haopp" {vorpal, rF+ rC- Int+8
                  | Dex+2}
 11498 | D:9      | Killed Maggie
 11733 | D:9      | Reached skill level 1 in Fighting
 12407 | D:9      | Offered knowledge of Sticky Flame by Vehumet.
 12510 | D:9      | Noticed Joseph
 12521 | D:9      | Killed Joseph
 12952 | D:9      | Reached skill level 5 in Fighting
 13151 | D:9      | Found a staircase to the Orcish Mines.
 13262 | D:10     | Entered Level 10 of the Dungeon
 13262 | D:10     | Noticed Urug
 13540 | D:10     | Noticed an elephant
 13541 | D:10     | Found a staircase to the Lair.
 13553 | D:10     | Reached XP level 11. HP: 83/83 MP: 1/20
 14039 | D:10     | Killed Urug
 14192 | D:10     | Reached skill level 10 in Dodging
 14347 | D:10     | Noticed Nergalle
 14354 | D:10     | Killed Nergalle
 15023 | D:7      | Got a masterwork scale mail
 15024 | D:7      | Identified the +1 scale mail "Uhopp" {*Drain rN+ Int+2}
                  | (You found it on level 7 of the Dungeon)
 15489 | D:11     | Noticed a cyclops
 15497 | D:11     | Killed a cyclops
 15730 | D:11     | Noticed Maurice
 15735 | D:11     | Killed Maurice
 15741 | D:11     | Reached skill level 9 in Ice Magic
 16024 | D:10     | Got a jewelled dagger
 16025 | D:10     | Identified the +8 dagger of Lires {venom, Fragile +Inv
                  | Int+3} (You found it on level 10 of the Dungeon)
 16203 | D:11     | Reached ***** piety under Vehumet
 16517 | D:12     | Noticed a white ugly thing
 16530 | D:12     | Killed a white ugly thing
 16530 | D:12     | Reached skill level 10 in Ice Magic
 16543 | D:12     | Killed an unseen horror
 16789 | D:12     | Found a transporter.
 16798 | D:12     | Noticed Mocet's ghost (journeyman GnVM)
 16827 | D:12     | Found a transporter.
 16986 | D:12     | Offered knowledge of Iskenderun's Battlesphere by Vehumet.
 17141 | D:12     | Reached skill level 11 in Ice Magic
 17674 | D:12     | Reached XP level 12. HP: 92/92 MP: 10/21
 18399 | D:13     | Noticed a tengu warrior
 18410 | D:13     | Killed a tengu warrior
 18410 | D:13     | Reached skill level 12 in Ice Magic
 18416 | D:13     | Noticed a tengu warrior
 18418 | D:13     | Noticed a two-headed ogre
 18425 | D:13     | Killed a tengu warrior
 18431 | D:13     | Killed a two-headed ogre
 19058 | D:13     | Noticed a two-headed ogre
 19067 | D:13     | Learned a level 6 spell: Freezing Cloud
 19176 | D:13     | Killed a two-headed ogre
 19176 | D:13     | Reached skill level 1 in Conjurations
 19612 | D:13     | Noticed a two-headed ogre
 19620 | D:13     | Killed a two-headed ogre
 19742 | D:13     | Noticed a catoblepas
 19926 | D:13     | Killed a catoblepas
 20337 | D:13     | Reached skill level 5 in Conjurations
 20456 | D:13     | Noticed a vault guard
 20465 | D:13     | Killed a vault guard
 20465 | D:13     | Reached XP level 13. HP: 95/98 MP: 7/22
 20585 | D:13     | Noticed a vault guard
 20598 | D:13     | Killed a vault guard
 20677 | D:13     | Found a gate to the Vaults.
 21415 | D:14     | Noticed Jorgrun
 21422 | D:14     | Killed Jorgrun
 22251 | D:14     | Found a shattered altar of Ashenzari.
 22719 | D:14     | Reached skill level 10 in Spellcasting
 22903 | D:15     | Entered Level 15 of the Dungeon
 23015 | Lair:1   | Entered Level 1 of the Lair of Beasts
 23296 | Lair:1   | Found a burning altar of Makhleb.
 23606 | Lair:1   | Found the +10 tower shield of Ignorance {rN+ Int-4}
 24956 | Lair:2   | Reached skill level 13 in Ice Magic
 25354 | Lair:2   | Reached XP level 14. HP: 105/105 MP: 23/29
 26055 | Lair:3   | Offered knowledge of Starburst by Vehumet.
 26348 | Lair:3   | You fall into a shaft and drop 2 floors!
 26355 | Lair:5   | Reached skill level 14 in Ice Magic
 26926 | Lair:5   | Found a staircase to the Slime Pits.
 26926 | Lair:5   | Found a viscous altar of Jiyva.
 26938 | Lair:5   | Reached skill level 15 in Ice Magic
 27809 | Lair:4   | Found a hole to the Spider Nest.
 27826 | Lair:4   | Reached ****** piety under Vehumet
 28892 | Lair:4   | Found a staircase to the Swamp.
 30457 | Orc:1    | Entered Level 1 of the Orcish Mines
 30459 | Orc:1    | Offered knowledge of Orb of Destruction by Vehumet.
 30471 | Orc:1    | Reached skill level 16 in Ice Magic
 30855 | Orc:1    | Noticed Fannar
 30924 | Orc:1    | Killed Fannar
 31341 | Orc:2    | Entered Level 2 of the Orcish Mines
 31519 | Orc:2    | Found Xohise's Antique Armour Shop.
 31733 | Orc:2    | Bought a smelly ring mail for 216 gold pieces
 31733 | Orc:2    | Identified the +4 ring mail of Trumpets {rF+ rC+ Regen+}
                  | (You bought it in a shop on level 2 of the Orcish Mines)
 31827 | Orc:2    | Found a staircase to the Elven Halls.
 31866 | Orc:2    | Found Zugript's General Store.
 31866 | Orc:2    | Noticed an orc warlord
 31893 | Orc:2    | Killed an orc warlord
 31893 | Orc:2    | Reached XP level 15. HP: 72/110 MP: 12/30
 32111 | Orc:2    | Found Hofrodgh's Antique Weapon Boutique.
 32131 | Orc:2    | Offered knowledge of Conjure Ball Lightning by Vehumet.
 32531 | Orc:2    | Found Necax's Book Boutique.
 33206 | D:15     | Found a staircase to the Depths.
 33206 | D:15     | Noticed a fire giant
 33217 | D:15     | Killed a fire giant
 33217 | D:15     | Reached skill level 5 in Armour
 33589 | D:15     | Noticed a fire giant
 33590 | D:15     | Found the +9 staff of Olgreb {rPois∞}
 33622 | D:15     | Identified the +5 broad axe of Xaamedel {vorpal, rF+ Str+4}
 33628 | D:15     | Killed a fire giant
 33629 | D:15     | Killed from afar by a vampire knight

Illustrated notes

Levels and vault maps discovered:
D:1:      evilmike_arrival_rings, layout_loops_corners
D:2:      layout_rooms, uniq_natasha
D:3:      layout_basic, lemuel_crystal_altar, minmay_strange_pillars,
          serial_bayou_lagoon_b
D:4:      layout_loops_cross, minmay_temple_entry_offerings,
          nicolae_ossuary_entry_monument, first_ration, serial_shops,
          nicolae_shop_waterfront
D:5:      lemuel_ratsnest, layout_cave_pools, bloody_makhleb,
          kennysheep_little_box
D:6:      layout_basic, slow_altar_1, sword_in_stone
D:7:      layout_basic, lemuel_doored_altar, nicolae_overflow_hidden_temple,
          lemuel_crystal_altar, chequers_temple_overflow_statue_of_worship
D:8:      gammafunk_cloud_chamber, layout_loops_corners, basic_altar,
          david_nohive_1, uniq_harold
D:9:      layout_roguey, orc_0_dummy, ebering_ghost_funeral_grove, uniq_joseph,
          uniq_maggie
D:10:     layout_stronghold, david_lair_generic, uniq_urug, uniq_nergalle
D:11:     layout_roguey, serial_glass, glass_columns_c, glass_columns_a,
          fungi_pond_lemuel, uniq_maurice
D:12:     layout_basic, gammafunk_ghost_stat_death
D:13:     layout_rooms, grunt_vaults_entry_tiered
D:14:     layout_basic, nicolae_ashenzari_panopticon, uniq_jorgrun
D:15:     grunt_enter_depths_giant_problem, layout_loops_ring,
          minmay_misc_feat_roman, minmay_misc_feat_rugged, minmay_the_grid_2x2
          [minmay_the_grid_stretched_grid, minmay_the_grid_square_x,
          minmay_the_grid_large_cup, minmay_the_grid_prize_diamond_cup]
Temple:   minmay_temple_curvy_loop
Lair:1:   layout_cave_pods, basic_altar, grunt_megastairs_4
Lair:2:   layout_roguey, grunt_forest_large_clearing_hut,
          infiniplex_staircase_pool
Lair:3:   layout_gridlike, fungi_pond_lemuel, beast_lair_carwin_5
Lair:4:   layout_gridlike, nicolae_swamp_entry_splash_gauntlet,
          nicolae_spider_entry_non_spiders, eino_small_chamber_without_monster
Lair:5:   layout_cave_shapes, slime_altar_1
Orc:1:    layout_diamond_mine, uniq_fannar
Orc:2:    grunt_orc_gardens, layout_caves, grunt_orc_garden, grunt_orc_garden,
          grunt_orc_garden, grunt_orc_garden

Skill      XL: |  1  2  3  4  5  6  7  8  9 10 11 12 13 14 15 |
---------------+----------------------------------------------+-----
Ice Magic      | 5 6 7 8 11 12 13 16 | 16.0
Summonings     | 3 4 |  4.1
Spellcasting   | 4 6 11 | 11.0
Dodging        | 6 9 11 | 11.8
Polearms       | 9 11 13 | 13.0
Armour         | 3 6 |  6.2
Fighting       | 6 8 |  8.0
Conjurations   | 6 7 |  7.2
Stealth        | |  2.1

Action                   |  1- 3 |  4- 6 |  7- 9 | 10-12 | 13-15 || total
-------------------------+-------+-------+-------+-------+-------++-------
Melee: Unarmed           |     2 |       |       |       |       ||     2
       Dagger            |    61 |   102 |   154 |       |       ||   317
       Halberd           |       |       |   116 |   555 |   606 ||  1277
Throw: Javelin           |       |       |       |       |     2 ||     2
 Cast: Freeze            |    24 |    41 |    22 |    18 |    26 ||   131
       Frozen Ramparts   |     1 |    25 |    35 |    75 |    71 ||   207
       Summon Ice Beast  |       |       |    15 |   122 |    80 ||   217
       Freezing Cloud    |       |       |       |     1 |    64 ||    65
       Searing Ray       |       |       |       |       |     5 ||     5
       Blink             |       |       |       |       |     2 ||     2
Evoke: Wand              |       |     4 |       |    10 |       ||    14
  Use: Scroll            |       |     1 |     2 |     3 |    13 ||    19
 Stab: Sleeping          |     3 |       |     1 |     4 |     2 ||    10
       Distracted        |       |       |     2 |     4 |     3 ||     9
  Eat: Chunk             |     2 |    13 |    10 |    32 |    56 ||   113
       Ration            |       |     1 |     3 |     6 |     4 ||    14
Armor: Leather armour    |    21 |    20 |    83 |   117 |    80 ||   321
       Ring mail         |       |       |       |       |    45 ||    45
Dodge: Dodged            |    58 |    92 |   204 |   406 |   360 ||  1120
